 Dungeon Crawl Stone Soup version 0.17.0-73-gb648821 (webtiles) character file.

301 Sanvar the Chopper (level 6, -1/56 HPs)
             Began as a Hill Orc Berserker on Dec 9, 2015.
             Was a Priest of Trog.
             Slain by an orc
             ... wielding a +0 vampiric trident
              (3 damage)
             ... on level 4 of the Dungeon on Dec 10, 2015.
             The game lasted 00:40:45 (5050 turns).

Sanvar the Chopper (Hill Orc Berserker)             Turns: 5050, Time: 00:40:45

Health: -1/56      AC:  9    Str: 24    XL:     6   Next: 37%
Magic:  6/6        EV: 10    Int:  7    God:    Trog [***...]
Gold:   212        SH:  0    Dex: 10    Spells: 0 memorised, 5 levels left

rFire  . . .     SeeInvis .     a - +0 hand axe
rCold  . . .     Clarity  .     v - +0 scale mail
rNeg   . . .     SustAt   .     (no shield)
rPois  .         Gourm    .     l - +0 helmet
rElec  .         Spirit   .     (no cloak)
rCorr  .         Warding  .     m - +0 pair of gloves
rMut   .         Stasis   .     (no boots)
MR     ++...                    (no amulet)
Stlth  ..........               t - +2 ring of strength
                                k - ring of loudness (curse)

@: regenerating, very resistant to hostile enchantments, extremely unstealthy
A: no striking features
a: Berserk, Trog's Hand, Burn Spellbooks, Renounce Religion


You were on level 4 of the Dungeon.
You worshipped Trog.
Trog was most pleased with you.
You were not hungry.

You visited 1 branch of the dungeon, and saw 4 of its levels.

You collected 212 gold pieces.

Inventory:

Hand Weapons
 a - a +0 hand axe (weapon)
 u - a +0 war axe
Armour
 l - a +0 helmet (worn)
 m - a +0 pair of gloves (worn)
 p - a +0 leather armour
 v - a +0 scale mail (worn)
Jewellery
 k - a cursed ring of loudness (left hand)
 s - an uncursed ring of protection from magic {unknown}
 t - a +2 ring of strength (right hand)
 y - an uncursed ring of ice {unknown}
Wands
 n - a wand of slowing (25)
Scrolls
 g - a scroll of teleportation {unknown}
 h - 7 scrolls of identify {unknown}
 o - a scroll of enchant weapon {unknown}
 q - 2 scrolls of enchant armour {unknown}
 x - a scroll of blinking {unknown}
Potions
 b - a potion of curing {unknown}
 d - a potion of cure mutation {unknown}
 e - a potion of agility {unknown}
 f - a potion of might {unknown}
 i - 3 potions of flight {unknown}
 j - a potion of brilliance {unknown}
 r - a potion of haste {unknown}
 A - a potion of heal wounds {unknown}
Comestibles
 c - 2 bread rations
 z - 4 fruits


   Skills:
 + Level 5.2 Fighting
 + Level 6.3 Axes
 + Level 4.6 Armour
 - Level 1.5 Dodging


You had 5 spell levels left.
You didn't know any spells.

Dungeon Overview and Level Annotations

Branches:
Dungeon (4/15)
 Temple: D:4-7

Altars:


Message History

The orc hits you with a vampiric trident!
* * * LOW HITPOINT WARNING * * *
An orc comes into view. It is wielding a club.
Your skin crawls.
You feel resistant to hostile enchantments.
You feel slightly more hungry.
The orc shouts!
The orc wizard gestures at you while chanting.
The puff of flame hits you!
* * * LOW HITPOINT WARNING * * *
You closely miss the orc wizard.
The orc wizard is moderately wounded.
You hit the orc.
The orc is moderately wounded.
The orc hits you but does no damage.
The orc wizard points at you and mumbles some strange words.
The magic dart hits you!
* * * LOW HITPOINT WARNING * * *
The orc hits you from afar with a vampiric trident.
You die...

#.# #.#
..########## ###
#........... #.#
#############.##
... ....# #o#
#..# #o# #.#
##..###o####...
#.#
#....@.o.......
#.#
#...###.#######
#.# ####...###.#
#.# #..........#
#.# #.####.#####
###.#####.# #.#
..........# #.#
###.####### #.#
#.##########.#


You could see an orc wizard and an orc.

Vanquished Creatures
  The ghost of subsebi the Cudgeler, an amateur OgCK of Xom (D:3)
  A centaur skeleton (D:4)
  2 worker ants (D:4)
  4 adders (D:2)
  An ooze (D:3)
  3 worms
  5 orcs
  2 giant cockroaches
  9 hobgoblins
  5 jackals
  5 kobolds
  2 quokkas
  2 ball pythons (D:1)
  8 bats
  5 giant geckos
  A giant newt (D:2)
  9 goblins
  14 rats
79 creatures vanquished.

Notes
Turn   | Place    | Note
--------------------------------------------------------------
     0 | D:1      | Sanvar the Hill Orc Berserker began the quest for the Orb.
     0 | D:1      | Reached XP level 1. HP: 19/19 MP: 1/1
   255 | D:1      | Reached XP level 2. HP: 16/26 MP: 2/2
  1765 | D:1      | Reached ** piety under Trog
  1767 | D:1      | Reached XP level 3. HP: 22/33 MP: 3/3
  2107 | D:2      | Found a faded altar to an unknown god.
  2268 | D:2      | Reached skill level 5 in Axes
  2268 | D:2      | Reached XP level 4. HP: 8/40 MP: 4/4
  3129 | D:3      | Noticed subsebi's ghost (amateur OgCK)
  3150 | D:3      | Killed subsebi's ghost
  3150 | D:3      | Reached XP level 5. HP: 47/47 MP: 5/5
  3260 | D:3      | HP: 2/47 [poisoned by a kobold]
  3268 | D:3      | HP: 2/47 [poisoned by a kobold]
  4167 | D:3      | Reached skill level 5 in Fighting
  4209 | D:3      | Reached *** piety under Trog
  4654 | D:4      | Reached skill level 6 in Axes
  4681 | D:4      | Reached XP level 6. HP: 56/56 MP: 6/6
  5049 | D:4      | HP: 1/56 [orc wizard/magic dart (7)]
  5050 | D:4      | Slain by an orc

Action                   |  1- 3 |  4- 6 || total
-------------------------+-------+-------++-------
Melee: Hand axe          |   115 |   160 ||   275
Invok: Berserk           |     1 |     1 ||     2
       Trog's Hand       |     1 |     1 ||     2
 Stab: Sleeping          |     1 |       ||     1
  Eat: Chunk             |     5 |    10 ||    15
